AoeStats
← HT229

Four Lakes

510253522Analyzed
1v1 RM · 1d ago on Sep 30, 2026· 27m 47s· 2 players
Game mode
Random Map
Map size
Tiny (2 player)
Population
200
Speed
Normal
Resources
Standard
Victory
Conquest
Starting age
Dark Age
Ending age
Imperial Age
RankedLock teamsTeams togetherTeam positionsShared explorationLock speedFull tech treeHidden civsTurbo modeCheats
Victory
Defeat
🇮🇹 Saxons · Italy
1830
+20
🇻🇳 Persians · Vietnam
1926
-20
SiMpSoN
7:17 Loom
9:46 Feudal Age
9:49 Man-at-Arms
10:50 Double-Bit Axe
20:48 Castle Age
19:39 Fletching
20:56 Crossbowman
21:41 Bodkin Arrow
21:21 Crossbowman
25:03 Squires
26:42 Pikeman
HT229
7:47 Loom
9:58 Feudal Age
10:26 Double-Bit Axe
17:07 Castle Age
16:01 Gold Mining
17:32 Fletching
19:44 Fishing Lines
20:32 Scale Barding Armor
20:35 Gillnets
21:41 Medium Warships
23:35 Chain Barding Armor
23:27 Bloodlines
24:57 Husbandry
Connection lost

Rejoining the realm…

Still unreachable

The connection could not be restored.

Session expired

The server has moved on; the page needs a fresh start.